 Dungeon Crawl Stone Soup version 0.26-b1-32-g5d43845318 (webtiles) character file.

Game seed: 13543518941498776595

54 Aviak the Vexing (level 4, 0/30 HPs)
             Began as a Human Enchanter on Jan 13, 2021.
             Slain by a worm (3 damage)
             ... on level 3 of the Dungeon.
             The game lasted 00:03:54 (2167 turns).

Aviak the Vexing (Human Enchanter)                  Turns: 2167, Time: 00:03:55

Health: 0/30       AC:  2    Str:  8    XL:     4   Next: 12%
Magic:  2/7        EV: 13    Int: 16    God:
Gold:   86         SH:  0    Dex: 14    Spells: 4/7 levels left

rFire    . . .     SeeInvis .   a - +1 dagger
rCold    . . .     Faith    .   (no shield)
rNeg     . . .     Spirit   .   b - +0 robe
rPois    .         Reflect  .   (no helmet)
rElec    .         Harm     .   (no cloak)
rCorr    .         Rampage  .   (no gloves)
Will     .....                  (no boots)
Stlth    ++........             (no amulet)
HPRegen  0.10/turn              (no ring)
MPRegen  0.10/turn              (no ring)

@: lethally poisoned (0 -> -1), very slightly contaminated
A: no striking features
a: no special abilities


You were on level 3 of the Dungeon.
You visited 1 branch of the dungeon, and saw 3 of its levels.

You collected 86 gold pieces.

Inventory:

Hand Weapons
 a - a +1 dagger (weapon)
Armour
 b - a +0 robe (worn)
Jewellery
 c - a -4 ring of intelligence
Scrolls
 e - a scroll of enchant armour {unknown}
 f - 3 scrolls of identify {unknown}
 g - a scroll of fear {unknown}
 j - a scroll of amnesia {unknown}
 k - a scroll of teleportation {unknown}
Potions
 d - a potion of ambrosia {unknown}
 h - a potion of might
 i - a potion of curing {unknown}


   Skills:
 - Level 1.0 Short Blades
 + Level 3.1 Dodging
 - Level 3.0 Stealth
 - Level 2.0 Spellcasting
 + Level 3.8 Hexes
 + Level 0.5 Ice Magic


You had 4 spell levels left.
You knew the following spells:

 Your Spells              Type           Power        Failure   Level
a - Corona                Hex            15%          4%          1
b - Ensorcelled Hibernat  Hex/Ice        16%          13%         2

Your spell library contained the following spells:

 Spells                   Type           Power        Failure   Level
 Confusing Touch          Hex            14%          13%         3
 Tukima's Dance           Hex            14%          13%         3
 Dazzling Flash           Conj/Hex       14%          28%         3


Dungeon Overview and Level Annotations

Branches:
Dungeon (3/15)

Altars:

Annotations:
D:2 Sigmund


Message History

Nothing appears to happen.
Casting: Ensorcelled Hibernation (safe; 13% risk of failure)
Confirm with . or Enter, or press ? or * to list all spells.
Aiming: Ensorcelled Hibernation (safe; 13% risk of failure)
Press: ? - help, Shift-Dir - straight line, f/p - adder
Aim: an adder (chance to affect: 49%)
You miscast Ensorcelled Hibernation.
Nothing appears to happen.
The adder bites you.
* * * LOW HITPOINT WARNING * * *
You are poisoned.
The adder poisons you!
Unknown command.
You feel sick. The adder bites you but does no damage.
You hit the adder but do no damage. The adder barely misses you.
You hit the adder but do no damage. The adder misses you.
You barely miss the adder. The adder bites you but does no damage.
You hit the adder.
The adder is moderately wounded.
You feel sick. The adder barely misses you. The worm bites you.
You die...

. .. . ... w.#######
##########....
.?......####.............
..........##.............
.........................
.......#.S@#...#...#......
#.......###w....###..w...#
#....... #.###.#[#.#....
#....... #+.....w##......
#......#...#####...#.#.##
...(... #.#...#.#...#.#
#####.## #.#[..'.#.....#
#....#.#...#.#.....#
#...#####w..#.#.#


You could see a worm and an adder.

Vanquished Creatures
  An adder (D:2)
  An ooze (D:3)
  2 dart slugs (D:1)
  3 leopard geckos (D:1)
  6 goblins
  3 hobgoblins (D:1)
  2 jackals (D:1)
  7 kobolds
  A quokka (D:2)
  3 bats
  A frilled lizard (D:1)
  A rat (D:1)
31 creatures vanquished.

Vanquished Creatures (others)
  3 plants (D:3)
3 creatures vanquished.

Grand Total: 34 creatures vanquished

Notes
Turn   | Place    | Note
-------+----------+-------------------------------------------
     0 | D:1      | Aviak the Human Enchanter began the quest for the Orb.
     0 | D:1      | Reached XP level 1. HP: 13/13 MP: 3/3
   341 | D:1      | Reached XP level 2. HP: 15/19 MP: 3/5
   344 | D:1      | Learned a level 2 spell: Ensorcelled Hibernation
   657 | D:1      | Reached XP level 3. HP: 11/24 MP: 3/6
  1345 | D:2      | Reached XP level 4. HP: 5/30 MP: 3/7
  1668 | D:2      | Noticed Sigmund
  2167 | D:3      | Slain by a worm

Illustrated notes

Levels and vault maps discovered:
D:1:      lightli_arrival_windingriver, layout_basic
D:2:      cheibrodos_old_hovel, layout_loops_corners,
          grunt_temple_overflow_gold_and_silver, minivault_25,
          minmay_misc_feat_more_columns, grunt_decor_fettered, st_stairs_10,
          minivault_26, kennysheep_generic_room_8, uniq_robin, uniq_sigmund
D:3:      minmay_bubble_buster, layout_basic,
          gammafunk_temple_overflow_forgotten, old_standard_altar,
          grunt_decor_arrowhead, minmay_fractal_squares_diagonal_5, uniq_natasha

Skill      XL: |  1  2  3 |
---------------+----------+-----
Dodging        | 3 |  3.1
Short Blades   | |  1.0
Stealth        | |  3.0
Spellcasting   | |  2.0
Hexes          | |  3.8
Ice Magic      | |  0.5

Action                   |  1- 3 |  4- 6 || total
-------------------------+-------+-------++-------
Melee: Dagger            |   141 |    20 ||   161
 Cast: Corona            |    18 |     3 ||    21
       Ensorcelled Hiber |       |     5 ||     5
  Use: Scroll            |     1 |       ||     1
       Potion            |     1 |       ||     1
 Stab: Sleeping          |     3 |     3 ||     6
Armor: Robe              |    34 |     2 ||    36
Dodge: Dodged            |   110 |     7 ||   117
